 Dungeon Crawl Stone Soup version 0.28-a0-664-gc179e30c89 (webtiles) character file.

Game seed: 14788671053153096074

11902 zimbabwe the Covert (level 11, -13/52 HPs)
             Began as a Spriggan Enchanter on Oct 16, 2021.
             Was a Priest of Dithmenos.
             Mangled by a red ugly thing (18 damage)
             ... on level 12 of the Dungeon.
             The game lasted 00:23:59 (14291 turns).

zimbabwe the Covert (Spriggan Enchanter)           Turns: 14291, Time: 00:23:59

Health: -13/52     AC: 10    Str:  7    XL:     11   Next: 55%
Magic:  28/28      EV: 22    Int: 18    God:    Dithmenos [***...]
Gold:   657        SH:  0    Dex: 21    Spells: 24/34 levels left

rFire   . . .      SeeInvis +   r - +6 dagger (vorpal)
rCold   . . .      Faith    .   (shield restricted)
rNeg    . . .      Spirit   .   y - +1 steam dragon scales
rPois   .          Reflect  .   e - +2 hat
rElec   .          Harm     .   f - +1 cloak
rCorr   .          Rampage  .   (gloves unavailable)
Will    +....                   (boots unavailable)
Stlth   ++++++++..              D - amulet of the acrobat
HPRegen 0.17/turn               g - +4 ring of slaying
MPRegen 0.21/turn               A - +6 ring of dexterity

@: about to teleport, wreathed by umbra, very quick
A: very small, no large weapons, unfitting armour, see invisible, speed 3
a: Renounce Religion, Shadow Step


You were on level 12 of the Dungeon.
You worshipped Dithmenos.
Dithmenos was most pleased with you.
You visited 2 branches of the dungeon, and saw 13 of its levels.
You also visited: Ossuary.

You collected 657 gold pieces.

Inventory:

Hand Weapons
 c - a +2 dagger of flaming
 r - a +6 vorpal dagger (weapon)
Missiles
 h - 70 poisoned darts (quivered)
 j - 9 atropa-tipped darts
 x - 2 curare-tipped darts
Armour
 e - a +2 hat (worn)
 f - a +1 cloak (worn)
 y - +1 steam dragon scales (worn)
Jewellery
 g - a +4 ring of slaying (left hand)
 A - a +6 ring of dexterity (right hand)
 D - an amulet of the acrobat (around neck)
 E - a ring of resist corrosion
Wands
 q - a wand of digging (21)
 t - a wand of iceblast (22)
 B - a wand of polymorph (4)
Scrolls
 b - 2 scrolls of brand weapon
 o - 6 scrolls of teleportation
 p - 5 scrolls of magic mapping
 u - a scroll of immolation
Potions
 d - 8 potions of curing
 i - 2 potions of brilliance
 k - a potion of heal wounds {unknown}
 l - 2 potions of berserk rage {unknown}
 m - 3 potions of might
 n - 2 potions of haste {unknown}
 s - 3 potions of lignification
 v - 3 potions of attraction
 w - 2 potions of flight {unknown}
 z - a potion of mutation {unknown}
 C - 2 potions of resistance {unknown}


   Skills:
 + Level 3.4 Fighting
 + Level 4.9 Short Blades
 + Level 6.2 Dodging
 + Level 14.4 Stealth
 + Level 12.3 Spellcasting
 + Level 12.5 Hexes


You had 24 spell levels left.
You knew the following spells:

 Your Spells              Type           Power      Damage    Failure   Level
a - Ensorcelled Hibernat  Hex/Ice        66%        N/A       1%          2
b - Tukima's Dance        Hex            54%        N/A       1%          3
c - Dazzling Flash        Conj/Hex       66%        N/A       1%          3
d - Blink                 Tloc           N/A        N/A       10%         2

Your spell library contained the following spells:

 Spells                   Type           Power      Damage    Failure   Level
 Slow                     Hex            54%        N/A       1%          2
 Confusing Touch          Hex            54%        N/A       1%          3
 Cause Fear               Hex            27%        N/A       1%          4
 Beastly Appendage        Tmut           22%        N/A       6%          1
 Wereblood                Tmut           11%        N/A       10%         2
 Silence                  Hex/Air        16%        N/A       13%         5
 Conjure Flame            Conj/Fire      11%        6-21      19%         3
 Ignite Poison            Fire/Tmut/Pois 11%        N/A       19%         3
 Spider Form              Tmut/Pois      5%         N/A       19%         3
 Vampiric Draining        Necr           5%         2d6       19%         3
 Passage of Golubria      Tloc           N/A        N/A       52%         4
 Sticky Flame             Conj/Fire      11%        2d3       52%         4
 Manifold Assault         Tloc           11%        N/A       86%         5
 Dragon Form              Tmut           5%         N/A       100%        7
 Storm Form               Tmut/Air       5%         N/A       100%        7
 Lehudib's Crystal Spear  Conj/Erth      5%         10d3      100%        8
 Dragon's Call            Summ           5%         N/A       100%        9


Dungeon Overview and Level Annotations

Branches:
Dungeon (12/15)            Temple (1/1) D:7            Lair (0/6) D:10
    Orc (0/2) D:9         Ossuary (visited)

Altars:
Cheibriados
Dithmenos
Elyvilon
Uskayaw

Shops:
D:11 (


Innate Abilities, Weirdness & Mutations

You are very small and have problems with some larger weapons.
You are too small for most types of armour.
You have supernaturally acute eyesight. (SInv)
You cover ground extremely quickly. (Speed+++)


Message History

You hit the acid dragon.
You kill the acid dragon!
Dithmenos accepts your kill.
The acid dragon scales are intact enough to wear.
No target in view!
No target in view!
A gnoll sergeant comes into view. It is wielding a +0 spear.
A red ugly thing comes into view.
You see here a +0 plate armour.
A red ugly thing is nearby!
A red ugly thing is nearby!
You catch the helpless red ugly thing completely off-guard!
You stick the red ugly thing like a pincushion!!!
The red ugly thing is severely wounded.
The red ugly thing completely misses you.
You hit the red ugly thing.
The red ugly thing is almost dead.
You hit the red ugly thing.
The red ugly thing is almost dead.
The red ugly thing barely misses you.
You hit the red ugly thing but do no damage.
The red ugly thing is almost dead.
The red ugly thing gores you!
You are engulfed in flames!
* * * LOW HITPOINT WARNING * * *
You are too injured to fight recklessly!
You are too injured to fight recklessly!
You are too injured to fight recklessly!
A gnoll comes into view. It is wielding a +0 halberd.
The gnoll sergeant shouts!
The gnoll shouts!
You hear a horrible gurgling sound!
You hear a shout!
A white ugly thing comes into view.
As you read the scroll of teleportation, it crumbles to dust.
You feel strangely unstable.
You are no longer corroded.
A gnoll comes into view. It is wielding a +0 spear.
The gnoll sergeant completely misses you.
You feel better. The red ugly thing gores you!
* * * LOW HITPOINT WARNING * * *
You are engulfed in flames!!
You die...

g. ..# .## #.+ ....#.
g..#.# ....#D ### ..#.#
#..#. ?.. #.#.###+# #...
.. #...##.. #... W#
#.g.##.### ####.#.#.
#.#g#....#
#....#..####..#@#....#####
#....#........#[u.........
#....####..####u#....####
#...............#.<..#
#........####.###....#
####.##### #........#
#.### ######.### #...###
#..# ###...# #.##


You could see 2 ugly things, a gnoll sergeant and 2 gnolls.

Vanquished Creatures
  A two-headed ogre (D:9)
  A gargoyle (D:11)
  An unseen horror (D:10)
  2 komodo dragons
  2 freezing wraiths (D:12)
  2 trolls (D:11)
  Prince Ribbit (D:8)
  A vampire (D:10)
  8 yaks
  3 wraiths
  A wyvern (D:8)
  A steam dragon (D:7)
  Menkaure (Ossuary)
  3 water moccasins
  Duvessa (D:4)
  3 acid dragons
  2 sky beasts
  A hornet zombie (D:8)
  4 orc warriors
  2 necrophages
  2 black bears
  4 ogres
  5 ice beasts
  3 centaurs
  A phantom (D:6)
  4 kobold brigands
  5 bullfrogs
  A scorpion (D:6)
  3 gnoll sergeants
  Dowan (D:4)
  A water moccasin zombie (D:7)
  2 water moccasin skeletons
  A wyvern skeleton (D:6)
  11 killer bees
  4 wights (D:9)
  2 howler monkeys (D:8)
  6 centaur zombies
  2 bullfrog skeletons
  A hound (D:5)
  2 jellies (D:6)
  Crazy Yiuf (D:5)
  2 orc priests (D:7)
  A centaur skeleton (D:6)
  An iguana (D:6)
  9 orc wizards
  A killer bee zombie (D:8)
  4 howler monkey zombies
  3 mummies (Ossuary)
  11 gnolls
  9 adders
  A white imp (D:6)
  A worm (D:2)
  2 dart slugs
  28 orcs
  5 endoplasms
  A giant cockroach (D:2)
  4 gnoll zombies (Ossuary)
  5 goblins
  4 hobgoblins
  A jackal (D:4)
  3 quokkas
  8 ball pythons
  4 bats
  A frilled lizard (D:1)
  3 gnoll skeletons (Ossuary)
  6 goblin skeletons (Ossuary)
  2 goblin zombies (Ossuary)
  5 hobgoblin skeletons (Ossuary)
  7 hobgoblin zombies (Ossuary)
  15 kobolds
  5 kobold skeletons (Ossuary)
  6 kobold zombies (Ossuary)
  3 orc skeletons (Ossuary)
  4 orc zombies (Ossuary)
  3 rats
  3 rat skeletons (Ossuary)
  2 rat zombies (Ossuary)
276 creatures vanquished.

Vanquished Creatures (collateral kills)
  A gnoll sergeant (D:9)
  5 gnolls
6 creatures vanquished.

Vanquished Creatures (others)
  5 dancing weapons
  2 kobolds (D:7)
  18 fungi (D:10)
  18 plants
43 creatures vanquished.

Grand Total: 325 creatures vanquished

Notes
Turn   | Place    | Note
-------+----------+-------------------------------------------
     0 | D:1      | zimbabwe the Spriggan Enchanter began the quest for the
                  | Orb.
     0 | D:1      | Reached XP level 1. HP: 9/9 MP: 5/5
    94 | D:1      | Found a faded altar of an unknown god.
   623 | D:2      | Reached XP level 2. HP: 13/13 MP: 7/7
   626 | D:2      | Learned a level 2 spell: Ensorcelled Hibernation
  1387 | D:2      | Reached XP level 3. HP: 14/16 MP: 9/9
  1799 | D:2      | Reached XP level 4. HP: 21/21 MP: 11/11
  1928 | D:3      | Reached skill level 5 in Hexes
  2646 | D:4      | Reached XP level 5. HP: 14/24 MP: 13/13
  2823 | D:4      | Reached skill level 5 in Spellcasting
  2895 | D:4      | Learned a level 3 spell: Tukima's Dance
  2899 | D:4      | Learned a level 3 spell: Dazzling Flash
  2902 | D:4      | Learned a level 2 spell: Blink
  3276 | D:4      | Noticed Duvessa
  3276 | D:4      | Noticed Dowan
  3299 | D:4      | Killed Duvessa
  3300 | D:4      | Reached XP level 6. HP: 5/28 MP: 12/15
  3303 | D:4      | Killed Dowan
  3563 | D:4      | Noticed an orc warrior
  3659 | D:4      | Killed an orc warrior
  3660 | D:4      | Reached skill level 5 in Stealth
  3916 | D:5      | Entered Level 5 of the Dungeon
  3940 | D:5      | Reached XP level 7. HP: 32/32 MP: 14/17
  4138 | D:5      | Reached skill level 6 in Stealth
  4642 | D:5      | Reached skill level 7 in Stealth
  4886 | D:5      | Reached XP level 8. HP: 25/36 MP: 20/20
  5180 | D:5      | Found a runed translucent door.
  5181 | D:5      | Noticed Crazy Yiuf
  5188 | D:5      | Killed Crazy Yiuf
  5329 | D:6      | Reached skill level 8 in Stealth
  6093 | D:6      | Reached skill level 9 in Stealth
  6355 | D:7      | Found a sand-covered staircase.
  6362 | Ossuary  | Entered an ossuary
  7172 | Ossuary  | Noticed Menkaure
  7177 | Ossuary  | Killed Menkaure
  7659 | D:7      | Reached XP level 9. HP: 39/39 MP: 23/23
  7696 | D:7      | Found a shadowy altar of Dithmenos.
  7704 | D:7      | Became a worshipper of Dithmenos the Shadowed
  7865 | D:7      | Reached skill level 10 in Stealth
  8183 | D:7      | Found a staircase to the Ecumenical Temple.
  8195 | Temple   | Entered the Ecumenical Temple
  8421 | D:6      | Reached skill level 10 in Hexes
  8750 | D:6      | Reached skill level 11 in Stealth
  8764 | D:6      | Reached skill level 10 in Spellcasting
  8780 | D:6      | Reached * piety under Dithmenos
  9497 | D:8      | Reached skill level 12 in Stealth
  9643 | D:8      | Reached XP level 10. HP: 44/44 MP: 25/25
  9953 | D:8      | Noticed Prince Ribbit
  9963 | D:8      | Killed Prince Ribbit
 10484 | D:9      | Reached ** piety under Dithmenos
 10485 | D:9      | Reached skill level 13 in Stealth
 10548 | D:9      | Found a staircase to the Orcish Mines.
 10723 | D:9      | Reached skill level 1 in Fighting
 10949 | D:9      | Noticed a two-headed ogre
 11192 | D:9      | Killed a two-headed ogre
 11299 | D:10     | Entered Level 10 of the Dungeon
 11733 | D:10     | Found a staircase to the Lair.
 11771 | D:10     | Reached XP level 11. HP: 27/51 MP: 24/27
 11775 | D:10     | Reached skill level 5 in Dodging
 12918 | D:10     | Reached skill level 14 in Stealth
 13340 | D:11     | Reached *** piety under Dithmenos
 13708 | D:11     | Found a hide-covered altar of Uskayaw.
 14031 | D:11     | Found Ytadir's Weapon Shop.
 14278 | D:12     | Noticed a red ugly thing
 14288 | D:12     | Noticed a white ugly thing
 14291 | D:12     | Mangled by a red ugly thing

Illustrated notes

Levels and vault maps discovered:
D:1:      evilmike_arrival_hilbert_curve, layout_basic,
          ebering_ecumenical_altar_box, amcnicky_mini_rare_corridor_liquid,
          minmay_misc_feat_tiny
D:2:      layout_basic, serial_forest, infiniplex_forest_end_3,
          infiniplex_forest_lined_3, infiniplex_forest_lined_3,
          infiniplex_forest_straight_2, infiniplex_forest_clump_curved,
          infiniplex_forest_lined_2, infiniplex_forest_straight_2
D:3:      layout_basic, hangedman_decor_clover_reticule
D:4:      minmay_chambers_of_fours, layout_rooms, uniq_duvessa
D:5:      layout_loops_cross, uniq_crazy_yiuf_cottage
D:6:      minmay_bubble_buster, layout_basic
D:7:      layout_gridville, nicolae_dithmenos_the_darkroom, temple_hall,
          nicolae_ossuary_entry_ruins
D:8:      layout_loops_corners, kennysheep_generic_room_6, uniq_prince_ribbit1
D:9:      layout_rooms, orc_0_dummy
D:10:     layout_roguey, grunt_lair_entry_orc_guard_hut
D:11:     layout_grid_maze, serial_shops, shop,
          nicolae_uskayaw_murder_on_the_dancefloor
D:12:     layout_roguey, minivault_20
Temple:   minmay_crystal_snake_temple

Skill      XL: |  1  2  3  4  5  6  7  8  9 10 11 |
---------------+----------------------------------+-----
Spellcasting   | 3 4 5 6 7 9 10 11 12 | 12.3
Hexes          | 4 5 6 7 8 9 11 12 | 12.5
Stealth        | 5 7 9 12 13 14 | 14.4
Dodging        | 4 6 |  6.2
Fighting       | 2 3 |  3.4
Short Blades   | 3 4 |  4.9

Action                   |  1- 3 |  4- 6 |  7- 9 | 10-12 || total
-------------------------+-------+-------+-------+-------++-------
Melee: Dagger            |    90 |    77 |   372 |   295 ||   834
Throw: Dart              |       |       |    10 |       ||    10
 Cast: Ensorcelled Hiber |       |     5 |    13 |    24 ||    42
       Tukima's Dance    |       |     1 |     9 |     9 ||    19
       Dazzling Flash    |       |     1 |       |       ||     1
Evoke: Wand              |       |       |     7 |     9 ||    16
  Use: Potion            |     1 |     2 |       |     1 ||     4
       Scroll            |     2 |     7 |     8 |     8 ||    25
 Stab: Sleeping          |     7 |     7 |    31 |    41 ||    86
       Invisible         |     1 |       |       |       ||     1
       Distracted        |       |       |     1 |     5 ||     6
Armor: Robe              |    10 |    10 |    60 |       ||    80
       Steam dragon scal |       |       |     4 |    58 ||    62
Dodge: Dodged            |    49 |    51 |   258 |   264 ||   622

Table legend: (Time is in decaauts)
 A = Elapsed time spent in this place.
 B = Non-inter-level travel time spent in this place.
 C = Inter-level travel time spent in this place.
 D = Time resting spent in this place.
 E = Time spent auto-exploring this place.
 F = Levels seen in this place.
 G = Mean time per level.
                   A        B        C        D        E       F      G
               +--------+--------+--------+--------+--------+-----+--------+
         Total |  10846 |  10638 |    208 |   1755 |   6923 |  14 |  774.7 |
       Dungeon |  10144 |   9936 |    208 |   1571 |   6654 |  12 |  845.3 |
        Temple |      1 |      1 |      0 |      0 |      0 |   1 |    1.0 |
       Ossuary |    700 |    700 |      0 |    184 |    268 |   1 |  700.0 |
               +--------+--------+--------+--------+--------+-----+--------+

Top non-repeatable levels by time:
    D:10: 1493 daAuts
     D:6: 1273 daAuts
     D:4: 1046 daAuts
     D:5: 1002 daAuts
     D:7: 988 daAuts
     D:9: 973 daAuts
     D:8: 731 daAuts
    D:11: 731 daAuts
 Ossuary: 700 daAuts
     D:1: 690 daAuts
     D:2: 611 daAuts
     D:3: 457 daAuts
    D:12: 145 daAuts
  Temple: 1 daAuts
